 Dungeon Crawl Stone Soup version 0.32-a0-131-g9dbbe29261 (webtiles) character file.

Game seed: 5062577178775692480

203562 BubbleThief the Warrior (level 18, -12/172 (178) HPs)
             Began as a Naga Cinder Acolyte on Feb 8, 2024.
             Was an Initiate of Ignis.
             Engulfed by a cloud of thunder (25 damage)
             ... on level 4 of the Swamp.
             The game lasted 01:41:22 (42671 turns).

BubbleThief the Warrior (Naga Cinder Acolyte)      Turns: 42671, Time: 01:41:22

HP:   -12/172 (178) AC: 20    Str: 19    XL:     18   Next: 62%
MP:   20/34         EV:  8    Int: 21    God:    Ignis [......]
Gold: 2571          SH: 12    Dex:  6    Spells: 7/41 levels left

rFire   + + .        G - +6 eveningstar (flame)
rCold   + + +        M - +1 kite shield {AC+3}
rNeg    + . .        h - +4 skin of Zhor {*Englaciate rC+++ SInv}
rPois   +            o - +0 helmet of Ukkuinud {rF+}
rElec   .            l - +1 cloak of Day {rN+ rCorr Stlth+}
rCorr   +            X - +2 pair of gloves
SInv    +            (no barding)
Will    ++...        (no amulet)
Stlth   ++           g - +4 ring of slaying
HPRegen 0.48/turn    y - ring of wizardry
MPRegen 0.24/turn

%: wizardry (x1)
@: mighty, lightly drained, very slow
A: AC +6, large, see invisible, deformed body, poison resistance, slowness 2,
spit poison 1, naga tail 2
}: 1/15 runes: gossamer
a: Spit Poison, Renounce Religion


You were on level 4 of the Swamp.
You worshipped Ignis.
Ignis was noncommittal.
You visited 5 branches of the dungeon, and saw 30 of its levels.
You also visited: Bailey, Gauntlet and Ice Cave.

You collected 3276 gold pieces.
You spent 705 gold pieces at shops.

Inventory:

Hand Weapons
 G - a +6 eveningstar of flaming (weapon)
Missiles
 B - 2 throwing nets
Armour
 h - the +4 skin of Zhor (worn) {*Englaciate rC+++ SInv}
   (You found it on level 1 of the Spider Nest)

   *Englaciate: It radiates cold, occasionally slowing all nearby creatures who
   are not resistant to cold.
   rC+++:     It renders you almost immune to cold.
   SInv:      It lets you see invisible.
 l - the +1 cloak of Day (worn) {rN+ rCorr Stlth+}
   (You found it on level 4 of the Swamp)

   rN+:       It protects you from negative energy.
   rCorr:     It protects you from acid and corrosion.
   Stlth+:    It makes you more stealthy.
 o - the +0 helmet of Ukkuinud (worn) {rF+}
   (You found it in a Gauntlet)

   rF+:       It protects you from fire.
 M - a +1 kite shield of protection (worn)
 S - a scarf of resistance
 X - a +2 pair of gloves (worn)
Jewellery
 g - a +4 ring of slaying (left hand)
 q - a ring of protection from fire
 y - a ring of wizardry (right hand)
Wands
 k - a wand of flame (4)
 P - a wand of digging (17)
Scrolls
 b - 4 scrolls of poison
 d - 10 scrolls of identify
 e - 4 scrolls of brand weapon
 C - 6 scrolls of amnesia
 H - 3 scrolls of blinking
 I - 6 scrolls of enchant armour
 J - 3 scrolls of fog
 O - 3 scrolls of revelation
 T - a scroll of silence
 Y - 5 scrolls of vulnerability
Potions
 a - 4 potions of magic
 f - 4 potions of heal wounds
 j - 4 potions of curing
 p - 5 potions of lignification
 t - 9 potions of mutation
 u - 2 potions of resistance
 v - 3 potions of haste
 w - 9 potions of might
 x - 7 potions of attraction
 A - a potion of cancellation
 E - 4 potions of ambrosia
 F - 2 potions of brilliance
 R - 4 potions of degeneration {unknown}
 U - 3 potions of invisibility {unknown}
 V - a potion of enlightenment {unknown}
Miscellaneous
 z - a tin of tremorstones (2/2)
 D - a lightning rod (4/4)
 W - a phial of floods


   Skills:
 + Level 15.2 Fighting
 + Level 14.5 Maces & Flails
 + Level 14.8 Shields
 + Level 12.2 Spellcasting
 - Level 11.0 Conjurations
 - Level 11.2 Fire Magic
 - Level 10.0 Alchemy


You had 7 spell levels left.
You knew the following spells:

 Your Spells              Type           Power      Damage    Failure   Level
a - Scorch                Fire           100%       2d9       1%          2
b - Summon Blazeheart Go  Fire/Summ      36%        N/A       3%          4
c - Frozen Ramparts       Ice            24%        1d4       11%         3
d - Blink                 Tloc           24%        N/A       5%          2
e - Irradiate             Conj/Alch      27%        3d20      1%          5
f - Eringya's Noxious Bo  Alch           26%        4d6       9%          6
g - Ignition              Fire           28%        3d9       89%         8
h - Olgreb's Toxic Radia  Alch           53%        N/A       1%          4

Your spell library contained the following spells:

 Spells                   Type           Power      Damage    Failure   Level
 Magic Dart               Conj           100%       1d8       1%          1
 Sting                    Conj/Alch      100%       1d9       1%          1
 Mercury Vapours          Alch/Air       66%        N/A       1%          2
 Searing Ray              Conj           100%       2d8       1%          2
 Static Discharge         Conj/Air       70%        3-6/arc   1%          2
 Hailstorm                Conj/Ice       35%        3d8       1%          3
 Inner Flame              Hex/Fire       36%        N/A       1%          3
 Fulminant Prism          Conj/Alch      27%        3d13      1%          4
 Apportation              Tloc           24%        N/A       3%          1
 Freeze                   Ice            48%        1d6       3%          1
 Necrotise                Necr           48%        1d6       3%          1
 Summon Small Mammal      Summ           48%        N/A       3%          1
 Call Imp                 Summ           24%        N/A       5%          2
 Ensorcelled Hibernation  Hex/Ice        24%        N/A       5%          2
 Call Canine Familiar     Summ           12%        N/A       11%         3
 Passwall                 Erth           12%        N/A       11%         3
 Summon Ice Beast         Ice/Summ       12%        N/A       11%         3
 Swiftness                Air            12%        N/A       11%         3
 Airstrike                Air            6%         2d(1-17)  32%         4
 Anguish                  Hex/Necr       6%         N/A       32%         4
 Animate Dead             Necr           12%        N/A       32%         4
 Cause Fear               Hex            6%         N/A       32%         4
 Summon Lightning Spire   Summ/Air       12%        N/A       32%         4
 Borgnjor's Vile Clutch   Necr/Erth      6%         N/A       65%         5
 Summon Forest            Summ/Tloc      6%         N/A       65%         5
 Summon Mana Viper        Hex/Summ       12%        N/A       65%         5
 Death Channel            Necr           6%         N/A       99%         6
 Enfeeble                 Hex            6%         N/A       100%        7
 Monstrous Menagerie      Summ           6%         N/A       100%        7
 Summon Hydra             Summ           6%         N/A       100%        7


Dungeon Overview and Level Annotations

Branches:
Dungeon (15/15)            Temple (0/1) D:7            Lair (5/5) D:8
  Swamp (4/4) Lair:3       Spider (4/4) Lair:3        Slime (0/5) Lair:5
    Orc (2/2) D:9             Elf (0/3) Orc:2        Vaults (0/5) D:14
 Bailey (visited)           IceCv (visited)         Gauntlet (visited)
 Depths: D:15

Altars:
Gozag
Hepliaklqana
Kikubaaqudgha
Makhleb
Nemelex Xobeh
Qazlal
Trog
Uskayaw
Vehumet
Xom
Yredelemnul
The Shining One
Jiyva

Shops:
D:4 *   D:10 !   D:15 [   Orc:2 :((*

Annotations:
Lair:4 2 transporters, Eugor's ghost, journeyman DECj
Swamp:1 Roxanne


Innate Abilities, Weirdness & Mutations

Your serpentine skin is tough. (AC +6)
You have supernaturally acute eyesight. (SInv)
Armour fits poorly on your strangely shaped body.
Your system is resistant to poisons. (rPois)
You cover ground very slowly.
You can spit poison.
You can use your snake-like lower body to constrict enemies.


Message History

Splash!
You fall into the shallow water.
Unknown command.
Unknown command.
Casting: Summon Blazeheart Golem (mildly dangerous; 3% risk of failure)
Confirm with . or Enter, or press ? or * to list all spells.
Flames lash the eight-headed hydra.
The eight-headed hydra is moderately wounded.
The eight-headed hydra's fire resistance burns away.
Your blazeheart golem's core grows cold and it stops moving.
Unknown command.
Unknown command.
Casting: Scorch (safe; 1% risk of failure)
Confirm with . or Enter, or press ? or * to list all spells.
Flames lash the eight-headed hydra.
The eight-headed hydra is burned terribly!
The eight-headed hydra is moderately wounded.
The eight-headed hydra is engulfed in a cloud of scalding steam.
Unknown command.
You impale Bai Suzhen!! You burn Bai Suzhen!
Bai Suzhen is almost dead.
You are engulfed in a thunderstorm.
* * * LOW HITPOINT WARNING * * *
The eight-headed hydra is engulfed in a cloud of scalding steam.
The eight-headed hydra bites you but does no damage. x2
You block the eight-headed hydra's attack.
The eight-headed hydra bites you but does no damage.
The eight-headed hydra bites you!
* * * LOW HITPOINT WARNING * * *
The eight-headed hydra bites you but does no damage.
The eight-headed hydra bites you.
* * * LOW HITPOINT WARNING * * *
You block the eight-headed hydra's attack.
Unknown command.
You bludgeon Bai Suzhen!! You burn Bai Suzhen.
You kill Bai Suzhen!
The storm dragon scales {Bai Suzhen} are intact enough to wear.
You are engulfed in a thunderstorm.
You die...
Ignis goes out, and joins you in death.

♣♣♣♣
♣♣♣♣♣♣♣♣♣♣♣♣♣♣♣♣♣♣♣♣♣♣~~♣♣♣♣♣
♣...~...~♣♣§§§♣~~.♣♣.~~§§~..♣
♣.....~~..§D@§§§.D..§~~§§§~~.
♣♣~.<..~§§§§§.§)9§.§.♣♣.§§§§~
♣♣♣..~~.♣♣.§~..§~~~~~.♣~~♣~§.§
♣♣~..~§~.♣~♣♣♣.~~~~~~~.♣♣♣♣♣♣D)
♣.~~~~~~...~~♣.~~~~~~~~♣ ♣♣♣~
♣.~~.~~~~~~~~..~~~~~..♣♣ ♣~~~
♣♣~.♣.~~~~~~~~~~~§~~~.♣ ♣...
♣♣[.♣.~~~~~~~~~~~~~~~~♣ ♣..~
♣~..♣♣~.~~~~~~~.~~~..♣♣ ♣..~


You could see an eight-headed hydra (combustible), a swamp dragon and a friendly
blazeheart golem (summoned, paralysed).

Vanquished Creatures
  Bai Suzhen (Swamp:4)
  Nikola (Swamp:1)
  Arachne (Spider:2)
  Jorgrun (Swamp:2)
  Mlioglotl (Spider:2)
  A thorn hunter (Swamp:3)
  Frances (D:13)
  Kirke (D:13)
  8 emperor scorpions
  Louise (D:14)
  A ghost moth (Spider:4)
  2 broodmothers
  A quicksilver ooze (Gauntlet)
  3 eleionomae
  Azrael (D:13)
  3 bunyips
  A dire elephant (Lair:5)
  A minotaur (Gauntlet)
  A spark wasp (Spider:4)
  2 entropy weavers
  Josephine (D:10)
  2 shambling mangroves
  3 vault guards
  Erolcha (D:13)
  4 hydras
  2 catoblepae
  A centaur warrior (D:14)
  4 radroaches
  8 alligators
  A dancing weapon (D:14)
  8 two-headed ogres
  5 tengu warriors
  3 boulder beetles
  15 death yaks (Lair:4)
  5 orc high priests (Orc:2)
  2 sphinx skeletons (D:15)
  7 demonic crawlers
  A death scarab (Spider:3)
  A skeletal warrior (D:15)
  6 pharaoh ants
  A skyshark (Lair:4)
  2 glowing orange brains (Gauntlet)
  4 goliath frogs
  5 swamp dragons
  3 spriggan druids
  5 orb spiders
  4 bog bodies
  An arcanist (D:14)
  7 steelbarb worms
  A deep elf pyromancer (D:14)
  11 orc knights
  18 wolf spiders
  A necromancer (IceCv)
  3 orc sorcerers
  12 ugly things
  4 manticores
  2 moths of wrath (Spider:4)
  5 cyclopes
  3 elephants (Lair:4)
  6 nameless horrors
  An ice statue (IceCv)
  6 meliai
  7 black mambas
  2 molten gargoyles (D:15)
  13 cane toads
  6 torpor snails
  An unseen horror (D:9)
  A kobold demonologist (D:11)
  3 rime drakes
  4 freezing wraiths
  Jeremiah (D:6)
  An efreet (D:11)
  7 komodo dragons
  14 ice devils (IceCv)
  A yaktaur (D:15)
  7 trolls
  7 polar bears
  13 hornets
  Prince Ribbit (Bailey)
  6 tyrant leeches
  18 tarantellas
  20 blink frogs
  Grinder (D:4)
  A raiju (shapeshifter) (D:13)
  A shadow (D:10)
  8 dream sheep (Lair:5)
  27 jumping spiders
  24 culicivoras
  18 spriggans
  2 dire elephant simulacra (IceCv)
  40 yaks
  Sigmund (D:3)
  5 wraiths
  A vampire (D:10)
  A spriggan skeleton (D:15)
  4 wyverns
  A fire elemental (D:13)
  7 humans (Bailey)
  7 wargs
  4 hogs (D:13)
  3 basilisks
  52 redbacks
  7 vampire mosquitoes
  4 death yak simulacra (IceCv)
  A harpy simulacrum (IceCv)
  2 hydra simulacra (IceCv)
  3 acid dragons
  10 swamp worms
  15 water moccasins
  3 hell hounds (D:13)
  27 orc warriors
  2 sky beasts
  4 ice beasts
  3 black bears
  50 wolves
  10 centaurs
  4 boggarts (Lair:5)
  7 ogres
  A phantom (D:6)
  A kobold brigand (D:8)
  13 bullfrogs
  3 gnoll sergeants
  A scorpion (D:6)
  A water moccasin zombie (D:3)
  8 wights
  14 killer bees
  4 elephant simulacra (IceCv)
  6 howler monkeys
  2 electric eels (Spider:4)
  11 jellies
  2 bombardier beetles (D:5)
  Crazy Yiuf (D:3)
  29 orc priests
  Terence (D:2)
  3 iguanas
  2 sleepcaps
  Natasha (thrice) (D:3)
  15 orc wizards
  4 polar bear simulacra (IceCv)
  2 spriggan simulacra (IceCv)
  A troll simulacrum (IceCv)
  6 wolf simulacra (IceCv)
  A hound zombie (D:3)
  9 gnolls
  7 adders
  A naga simulacrum (IceCv)
  2 white imps (D:8)
  3 ufetubi
  A ribbon worm (D:4)
  80 orcs
  13 endoplasms
  3 giant cockroaches
  22 goblins
  8 hobgoblins
  4 jackals
  6 quokkas
  8 ball pythons
  2 ball python zombies (D:3)
  6 bats
  A frilled lizard (D:2)
  11 kobolds
  7 rats
1040 creatures vanquished.

Vanquished Creatures (collateral kills)
  An entropy weaver (Spider:2)
  A death knight (D:15)
  A swamp dragon (Swamp:1)
  An orc knight (Orc:2)
  A wolf spider (Spider:2)
  A black mamba (Lair:5)
  A freezing wraith (IceCv)
  A komodo dragon (Lair:1)
  A tarantella (Spider:2)
  A hornet (Lair:5)
  A blink frog (Lair:5)
  A jumping spider (Spider:2)
  3 yaks
  A wraith (D:13)
  A basilisk (D:8)
  4 redbacks
  A water moccasin (Lair:3)
  A swamp drake (Swamp:4)
  2 orc warriors
  3 wolves
  A jelly (Lair:5)
  A polar bear simulacrum (IceCv)
  A wolf simulacrum (IceCv)
  A white imp (IceCv)
  3 orcs
35 creatures vanquished.

Vanquished Creatures (others)
  A centaur warrior (D:13)
  2 bloated husks
  A spriggan (Swamp:1)
  71 blazeheart cores
  16 foxfires
  3 spectral weapons
94 creatures vanquished.

Grand Total: 1169 creatures vanquished

Notes
Turn   | Place    | Note
-------+----------+-------------------------------------------
     0 | D:1      | BubbleThief the Naga Cinder Acolyte began the quest for the
                  | Orb.
     0 | D:1      | Reached XP level 1. HP: 21/21 MP: 2/2
    97 | D:1      | Reached XP level 2. HP: 28/28 MP: 4/4
   225 | D:1      | Learned a level 2 spell: Scorch
   267 | D:1      | Reached XP level 3. HP: 34/34 MP: 2/5
  1361 | D:2      | Noticed Terence
  1379 | D:2      | Killed Terence
  1380 | D:2      | Reached XP level 4. HP: 4/42 MP: 1/7
  2025 | D:2      | Found a shimmering altar of Xom.
  2361 | D:3      | Reached XP level 5. HP: 39/49 MP: 1/9
  2454 | D:3      | Found a basalt altar of Yredelemnul.
  2509 | D:3      | Found a runed translucent door.
  2510 | D:3      | Noticed Crazy Yiuf
  2517 | D:3      | Killed Crazy Yiuf
  2749 | D:3      | Found a faded altar of an unknown god.
  2749 | D:3      | Noticed Natasha
  2751 | D:3      | Killed Natasha
  2752 | D:3      | Reached XP level 6. HP: 48/56 MP: 6/11
  2827 | D:3      | Noticed Natasha
  2831 | D:3      | Killed Natasha
  3380 | D:3      | Noticed Natasha
  3390 | D:3      | Killed Natasha
  3617 | D:3      | Noticed Sigmund
  3628 | D:3      | Killed Sigmund
  3629 | D:3      | Reached skill level 4 in Fighting
  3629 | D:3      | Reached skill level 5 in Fire Magic
  3629 | D:3      | Reached XP level 7. HP: 51/64 MP: 12/12
  3865 | D:4      | Identified the +3 ring mail of the Other Side {rN+}
  4061 | D:4      | Found Zaugiom's Neck Hole.
  4062 | D:4      | Noticed Grinder
  4070 | D:4      | Killed Grinder
  4071 | D:4      | Reached XP level 8. HP: 66/73 MP: 11/14
  4656 | D:5      | Entered Level 5 of the Dungeon
  4753 | D:5      | Found a hazy altar of Hepliaklqana.
  4756 | D:5      | Found a radiant altar of Vehumet.
  4759 | D:5      | Found an ancient bone altar of Kikubaaqudgha.
  4762 | D:5      | Found an opulent altar of Gozag.
  4838 | D:5      | Reached skill level 5 in Maces & Flails
  4939 | D:5      | Reached skill level 5 in Fighting
  5042 | D:5      | Found a stormy altar of Qazlal.
  5043 | D:5      | Found a glowing golden altar of the Shining One.
  5044 | D:5      | Found a burning altar of Makhleb.
  5949 | D:6      | Noticed Jeremiah
  5964 | D:6      | Killed Jeremiah
  5965 | D:6      | Reached skill level 6 in Fighting
  6016 | D:6      | Reached XP level 9. HP: 82/85 MP: 15/15
  6268 | D:6      | Found a bloodstained altar of Trog.
  6416 | D:6      | Reached skill level 7 in Fighting
  6891 | D:7      | Found a staircase to the Ecumenical Temple.
  6919 | D:7      | Found a flagged portal.
  6929 | Bailey   | Entered a bailey
  6971 | Bailey   | Reached skill level 8 in Fighting
  7162 | Bailey   | Noticed Prince Ribbit
  7185 | Bailey   | Killed Prince Ribbit
  7186 | Bailey   | Reached XP level 10. HP: 72/98 MP: 0/16
  7299 | Bailey   | Noticed a vault guard
  7304 | Bailey   | Killed a vault guard
  7305 | Bailey   | Reached skill level 9 in Fighting
  7448 | Bailey   | Noticed a vault guard
  7472 | Bailey   | Killed a vault guard
  7807 | D:7      | Reached skill level 10 in Maces & Flails
  7897 | D:7      | Reached skill level 10 in Fighting
  8435 | D:7      | Learned a level 4 spell: Summon Blazeheart Golem
  8524 | D:8      | Noticed a cane toad
  8532 | D:8      | Killed a cane toad
  8533 | D:8      | Reached skill level 5 in Spellcasting
  8558 | D:8      | Noticed a nameless horror
  9425 | D:8      | Noticed a two-headed ogre
  9435 | D:8      | Killed a two-headed ogre
  9436 | D:8      | Reached XP level 11. HP: 58/108 MP: 16/20
  9440 | D:8      | Noticed a two-headed ogre
  9444 | D:8      | Killed a two-headed ogre
  9653 | D:8      | Found a staircase to the Lair.
  9757 | D:8      | Killed a nameless horror
 10562 | D:9      | Paralysed by a hornet for 1 turns
 10586 | D:9      | Found a staircase to the Orcish Mines.
 10704 | D:9      | Learned a level 3 spell: Frozen Ramparts
 10772 | D:9      | Noticed a nameless horror
 10784 | D:9      | Killed a nameless horror
 12125 | D:9      | Noticed a two-headed ogre
 12133 | D:9      | Noticed a green ugly thing
 12135 | D:9      | Killed a two-headed ogre
 12146 | D:9      | Killed a green ugly thing
 12343 | D:9      | Found a sparkling altar of Nemelex Xobeh.
 12423 | Lair:1   | Entered Level 1 of the Lair of Beasts
 12464 | Lair:1   | Reached XP level 12. HP: 60/117 MP: 22/25
 13097 | Lair:1   | Reached skill level 11 in Fighting
 13766 | Lair:2   | Noticed a seven-headed hydra
 13781 | Lair:2   | Noticed a catoblepas
 13886 | Orc:1    | Entered Level 1 of the Orcish Mines
 14433 | D:10     | Entered Level 10 of the Dungeon
 14482 | D:10     | Noticed Josephine
 14513 | D:10     | Killed Josephine
 14775 | D:10     | Found a shimmering altar of Xom.
 14784 | D:10     | Learned a level 2 spell: Blink
 14953 | D:10     | Noticed a +0 spear
 14954 | D:10     | Noticed a +0 short sword
 14954 | D:10     | Noticed a +0 dagger
 14954 | D:10     | Noticed a +0 dagger
 14955 | D:10     | Noticed a +0 spear
 14955 | D:10     | Noticed a +0 short sword
 15247 | D:10     | Found a hide-covered altar of Uskayaw.
 15351 | D:10     | Found Xuirgh's Distillery.
 15359 | D:10     | Bought a potion of curing for 42 gold pieces
 15359 | D:10     | Bought a potion of mutation for 112 gold pieces
 15359 | D:10     | Bought a potion of heal wounds for 70 gold pieces
 15359 | D:10     | Bought a potion of haste for 140 gold pieces
 15714 | D:11     | Found a sparkling altar of Nemelex Xobeh.
 16004 | D:11     | Noticed a two-headed ogre
 16012 | D:11     | Killed a two-headed ogre
 16013 | D:11     | Reached skill level 12 in Fighting
 16765 | D:11     | Learned a level 5 spell: Irradiate
 16772 | D:11     | Learned a level 6 spell: Eringya's Noxious Bog
 16797 | D:11     | Reached skill level 1 in Alchemy
 16898 | D:12     | Noticed a boulder beetle
 16912 | D:12     | Killed a boulder beetle
 16913 | D:12     | Reached skill level 1 in Conjurations
 17140 | D:12     | Gained mutation: You can use your snake-like lower body to
                  | constrict enemies. [Naga growth]
 17140 | D:12     | Reached XP level 13. HP: 129/129 MP: 26/26
 17524 | D:12     | Reached skill level 5 in Alchemy
 19949 | Lair:3   | Found a frozen archway.
 19982 | Lair:3   | HP: 1/130 [cloud of flame (13)]
 20045 | IceCv    | Entered an ice cave
 20664 | IceCv    | Reached skill level 5 in Conjurations
 21281 | IceCv    | Reached skill level 13 in Fighting
 21697 | IceCv    | Found an ancient bone altar of Kikubaaqudgha.
 22161 | Lair:3   | Reached XP level 14. HP: 83/141 MP: 27/27
 22460 | Lair:3   | Found a hole to the Spider Nest.
 22664 | Lair:3   | You fall into a shaft and drop 1 floor!
 23303 | Lair:3   | Found a staircase to the Swamp.
 23523 | Lair:4   | Noticed Eugor's ghost (journeyman DECj)
 23586 | Lair:4   | Found a transporter.
 23588 | Lair:4   | Found a transporter.
 23694 | Lair:4   | Reached skill level 14 in Fighting
 24443 | Lair:4   | Reached skill level 1 in Shields
 24759 | Lair:5   | Entered Level 5 of the Lair of Beasts
 24986 | Lair:5   | Noticed a dire elephant
 24999 | Lair:5   | Killed a dire elephant
 25129 | Lair:5   | Reached XP level 15. HP: 152/152 MP: 28/28
 25144 | Lair:5   | Reached skill level 15 in Fighting
 25295 | Lair:5   | Found a viscous altar of Jiyva.
 25296 | Lair:5   | Found a staircase to the Slime Pits.
 26371 | Lair:5   | Reached skill level 5 in Shields
 26579 | Lair:5   | Reached skill level 10 in Spellcasting
 26864 | Orc:2    | Entered Level 2 of the Orcish Mines
 26874 | Orc:2    | Learned a level 8 spell: Ignition
 26875 | Orc:2    | Found a staircase to the Elven Halls.
 28149 | Orc:2    | Reached skill level 10 in Fire Magic
 28663 | Orc:2    | Found Zuibaat's Book Shoppe.
 28663 | Orc:2    | Found Xokappes's General Store.
 28664 | Orc:2    | Found Gaiseic's Antique Weapon Emporium.
 28664 | Orc:2    | Found Lapemut's Antique Weapon Shoppe.
 28671 | Orc:2    | Bought a Young Poisoner's Handbook for 220 gold pieces
 28676 | Orc:2    | Learned a level 4 spell: Olgreb's Toxic Radiance
 28680 | Orc:2    | Bought a scroll of teleportation for 33 gold pieces
 28680 | Orc:2    | Bought a potion of cancellation for 88 gold pieces
 29349 | D:13     | Noticed Frances
 29364 | D:13     | Killed Frances
 29768 | D:13     | Noticed Erolcha
 29779 | D:13     | Killed Erolcha
 29785 | D:13     | Noticed Azrael
 29806 | D:13     | Killed Azrael
 29811 | D:13     | HP: 1/154 [tengu warrior/+0 battleaxe (15)]
 29818 | D:13     | Reached XP level 16. HP: 19/163 MP: 2/31
 30057 | D:13     | Noticed Kirke
 30066 | D:13     | Reached skill level 10 in Conjurations
 30071 | D:13     | Killed Kirke
 30718 | D:14     | Found a gate leading to a gauntlet.
 30722 | Gauntlet | Entered a Gauntlet
 30722 | Gauntlet | Found a transporter.
 30722 | Gauntlet | Found a transporter.
 30722 | Gauntlet | Found a transporter.
 30726 | Gauntlet | Found a transporter.
 30726 | Gauntlet | Found a transporter.
 30737 | Gauntlet | Found a transporter.
 30760 | Gauntlet | Found a transporter.
 30780 | Gauntlet | Found a transporter.
 30797 | Gauntlet | Found a transporter.
 30805 | Gauntlet | Found a transporter.
 30825 | Gauntlet | Found a transporter.
 30876 | Gauntlet | Found a transporter.
 30956 | Gauntlet | Identified the +0 cloak of Adyt {Fly rPois rN+ Dex+6}
 30959 | Gauntlet | Identified the +0 helmet of Ukkuinud {rF+}
 30983 | Gauntlet | Identified the +7 war axe of Dismemberment {freeze, +Blink
                  | rElec rC- Dex+3}
 31296 | D:14     | Identified a scroll of acquirement
 31296 | D:14     | Acquired a +1 eveningstar of draining
 31585 | D:14     | Noticed Louise
 31601 | D:14     | Killed Louise
 31975 | D:14     | Found a gate to the Vaults.
 32192 | D:15     | Entered Level 15 of the Dungeon
 32563 | D:15     | Found Pogoorub's Armour Emporium.
 32771 | D:15     | HP: 3/163 [yaktaur (13)]
 33179 | Swamp:1  | Entered Level 1 of the Swamp
 33959 | Swamp:1  | Noticed Nikola
 34310 | Swamp:1  | Killed Nikola
 34450 | Swamp:1  | Identified the +2 chain mail of Tianuits {Harm Str+2}
 34560 | Swamp:1  | Noticed Roxanne
 34820 | Swamp:2  | Noticed Jorgrun
 34834 | Swamp:2  | Killed Jorgrun
 34981 | Swamp:2  | Reached skill level 10 in Alchemy
 35373 | Swamp:3  | Reached XP level 17. HP: 170/170 MP: 33/33
 36101 | Spider:1 | Entered Level 1 of the Spider Nest
 36668 | Spider:1 | You fall into a shaft and drop 1 floor!
 36774 | Spider:2 | Reached skill level 10 in Shields
 36969 | Spider:1 | Found the +4 skin of Zhor {*Englaciate rC+++ SInv}
 37407 | Spider:2 | Noticed Mlioglotl
 37414 | Spider:2 | Killed Mlioglotl
 37804 | Spider:2 | Noticed Arachne
 38070 | Spider:2 | Killed Arachne
 39595 | Spider:4 | Entered Level 4 of the Spider Nest
 39601 | Spider:4 | Reached XP level 18. HP: 178/178 MP: 24/34
 41436 | Spider:4 | Got a gossamer rune of Zot
 41851 | Swamp:4  | Entered Level 4 of the Swamp
 42090 | Swamp:4  | Identified the +1 cloak of Day {rN+ rCorr Stlth+}
 42382 | Swamp:4  | Noticed Bai Suzhen
 42398 | Swamp:4  | Found a basalt altar of Yredelemnul.
 42654 | Swamp:4  | HP: 1/172 [swamp dragon (8)]
 42671 | Swamp:4  | Killed Bai Suzhen
 42671 | Swamp:4  | Engulfed by a cloud of thunder

Illustrated notes

Levels and vault maps discovered:
D:1:      eino_arrival_tree_alley, layout_basic
D:2:      minmay_recursive_quarters, layout_rooms, basic_altar,
          minmay_misc_feat_doors, uniq_terence
D:3:      layout_basic, nicolae_yredelemnul_corpse_copse,
          shapermc_ecumenical_altar_ellora, serial_park_tiny_1, uniq_natasha,
          uniq_crazy_yiuf_cottage, uniq_sigmund
D:4:      layout_basic, nicolae_shop_sticking_my_neck_out, uniq_grinder
D:5:      layout_cave_pods, chequers_temple_overflow_statue_of_worship,
          grunt_temple_overflow_cloverleaf
D:6:      layout_basic, trog_ov_bears_minmay, minivault_10, uniq_jeremiah
D:7:      layout_loops_ring, minmay_temple_entry_nine_rooms, enter_bailey_4,
          dk_rats_in_the_wall
D:8:      minmay_razor_zed, layout_gridville, dpeg_lair_monsters,
          corexii_corridor_pit, kennysheep_nub
D:9:      layout_roguey, david_orc_2, minmay_ruined_shrine
D:10:     layout_basic, lemuel_round_altar, nicolae_uskayaw_en_pointe,
          serial_shops, shop, grunt_ogre_cave, uniq_josephine
D:11:     layout_stronghold, nemelex_spade_bored_becter
D:12:     layout_irregular_city
D:13:     layout_loops_corners, serial_library_hellmonk_long_bookcase,
          minmay_stone_trees_small, uniq_kirke, uniq_erolcha, uniq_frances,
          uniq_azrael
D:14:     layout_basic, erik_vaults_1, grunt_decor_resistance,
          gauntlet_entry_generic, uniq_louise
D:15:     gammafunk_depths_entry_grave, layout_rooms, serial_rivers,
          chequers_serial_rivers_room_a, chequers_serial_rivers_marsh,
          chequers_serial_rivers_micro_b, chequers_serial_rivers_micro_b,
          serial_shops, shop, hellmonk_sif_muna_bookshelves, minivault_8
Lair:1:   layout_regular_city, grunt_megastairs_5
Lair:2:   layout_layer_cave, nicolae_quartered_pool_little
Lair:3:   layout_small_grid, mainiacjoe_swamp_entry_lozenge_pond,
          dummy_spider_entry, portal_ice_cave_entry_pillars_2
Lair:4:   layout_small_grid, gammafunk_ghost_hive,
          nicolae_lair_run_with_the_wolves, lemuel_fruit_tree
Lair:5:   minmay_lair_end_enchanted_forest, layout_cellular_growth,
          minmay_slime_entry_jelly_boxes, hangedman_lair_generics_rect,
          infiniplex_staircase_pool
Swamp:1:  layout_falls_marsh, evilmike_swamp_ruin_house_3, uniq_nikola,
          uniq_roxanne
Swamp:2:  layout_basic_swamp, nicolae_swamp_big_swirl, uniq_jorgrun
Swamp:3:  layout_basic_swamp, evilmike_swamp_ruin_rubble_2, swamp_pool_4
Swamp:4:  byrel_swamp_growth_death_and_undeath, layout_basic_swamp,
          uniq_bai_suzhen
Spider:1: layout_spider_delve
Spider:2: layout_spider_delve, uniq_arachne, uniq_mlioglotl
Spider:3: layout_spider_delve
Spider:4: grunt_spider_rune_circles
Orc:1:    layout_caves
Orc:2:    st_orc_pillars, layout_caves, nooodl_orcs_dogs

Skill      XL: |  1  2  3  4  5  6  7  8  9 10 11 12 13 14 15 16 17 18 |
---------------+-------------------------------------------------------+-----
Spellcasting   | 2 3 4 6 9 11 12 | 12.2
Fire Magic     | 4 5 6 7 9 10 11 | 11.2
Fighting       | 4 6 8 10 12 13 14 15 | 15.2
Maces & Flails | 4 6 9 10 12 13 14 | 14.5
Alchemy        | 3 6 10 | 10.0
Conjurations   | 2 6 9 11 | 11.0
Shields        | 2 5 7 12 14 | 14.8

Action                     |  1- 3 |  4- 6 |  7- 9 | 10-12 | 13-15 | 16-18 || total
---------------------------+-------+-------+-------+-------+-------+-------++-------
  Melee: Mace              |    33 |     2 |    24 |   251 |   743 |    55 ||  1108
         Punch             |     3 |       |     2 |    22 |    41 |       ||    68
         Flail             |       |    29 |    11 |       |       |       ||    40
         Constrict         |       |       |       |       |   194 |   124 ||   318
         Eveningstar       |       |       |       |       |       |   593 ||   593
   Cast: Scorch            |    16 |    57 |   132 |   328 |   280 |    45 ||   858
         Summon Blazeheart |       |       |       |    14 |    82 |    48 ||   144
         Frozen Ramparts   |       |       |       |     1 |     8 |     8 ||    17
         Blink             |       |       |       |       |     1 |     1 ||     2
         Olgreb's Toxic Ra |       |       |       |       |     6 |    97 ||   103
         Irradiate         |       |       |       |       |     4 |    17 ||    21
         Eringya's Noxious |       |       |       |       |       |    51 ||    51
 Invoke: Fiery Armour      |     1 |       |     2 |     3 |     3 |     1 ||    10
         Foxfire Swarm     |     1 |       |     1 |       |       |       ||     2
         Rising Flame      |       |       |       |       |       |     1 ||     1
Ability: Spit Poison       |    26 |    14 |    19 |    58 |    53 |    43 ||   213
  Evoke: Wand              |       |       |     4 |       |     1 |       ||     5
         Lightning rod     |       |       |       |     5 |       |       ||     5
    Use: Scroll            |       |       |    11 |    12 |     7 |    17 ||    47
         Potion            |       |       |     1 |     1 |     4 |    10 ||    16
   Stab: Petrified         |       |       |       |     2 |       |       ||     2
         Distracted        |       |       |       |       |     8 |     3 ||    11
 Armour: Robe              |    27 |    38 |   119 |   426 |   213 |       ||   823
         Troll leather arm |       |       |       |       |   562 |   491 ||  1053
         Animal skin       |       |       |       |       |       |   355 ||   355
  Dodge: Dodged            |    26 |    21 |    56 |   198 |   272 |   219 ||   792
  Block: Buckler           |       |       |       |       |    83 |    37 ||   120
         Kite shield       |       |       |       |       |       |   271 ||   271

Table legend: (Time is in decaauts)
 A = Elapsed time spent in this place.
 B = Non-inter-level travel time spent in this place.
 C = Inter-level travel time spent in this place.
 D = Time resting spent in this place.
 E = Time spent auto-exploring this place.
 F = Levels seen in this place.
 G = Mean time per level.
                   A        B        C        D        E       F      G
               +--------+--------+--------+--------+--------+-----+--------+
         Total |  50887 |  47604 |   3283 |   3975 |  35526 |  33 | 1542.0 |
       Dungeon |  24049 |  22224 |   1825 |   1010 |  18113 |  15 | 1603.3 |
          Lair |  10455 |   9557 |    898 |    804 |   7323 |   5 | 2091.0 |
         Swamp |   3394 |   3157 |    237 |    224 |   2222 |   4 |  848.5 |
   Spider Nest |   6555 |   6333 |    222 |    496 |   4576 |   4 | 1638.8 |
  Orcish Mines |   3061 |   2962 |     99 |    548 |   1751 |   2 | 1530.5 |
        Bailey |    857 |    857 |      0 |    179 |    511 |   1 |  857.0 |
      Ice Cave |   1938 |   1938 |      0 |    593 |    831 |   1 | 1938.0 |
      Gauntlet |    573 |    573 |      0 |    120 |    196 |   1 |  573.0 |
               +--------+--------+--------+--------+--------+-----+--------+

Top non-repeatable levels by time:
     D:8: 2746 daAuts
  Lair:3: 2579 daAuts
     D:9: 2416 daAuts
  Lair:5: 2268 daAuts
Spider:4: 2192 daAuts
    D:13: 2021 daAuts
Spider:2: 1969 daAuts
     D:3: 1960 daAuts
   IceCv: 1938 daAuts
    D:12: 1936 daAuts
    D:11: 1921 daAuts
  Lair:1: 1899 daAuts
  Lair:4: 1856 daAuts
  Lair:2: 1851 daAuts
   Orc:2: 1738 daAuts
